 Dungeon Crawl Stone Soup version 0.28.0-61-g67df4f89a8 (webtiles) character file.

Game seed: 14803461931090075201

31 tkbsonic5 the Chopper (level 3, -1/33 HPs)
             Began as a Hill Orc Chaos Knight on Feb 14, 2023.
             Was a Plaything of Xom.
             Slain by an elephant (shapeshifter) (13 damage)
             ... on level 2 of the Dungeon.
             The game lasted 00:06:38 (1541 turns).

tkbsonic5 the Chopper (Hill Orc Chaos Knight)       Turns: 1541, Time: 00:06:39

Health: -1/33      AC:  5    Str: 16    XL:     3   Next: 22%
Magic:  3/3        EV: 11    Int: 12    God:    Xom [..*...]
Gold:   18         SH:  0    Dex: 10    Spells: 2/2 levels left

rFire   . . .      SeeInvis .   a - +0 hand axe (chaos)
rCold   . . .      Faith    .   (no shield)
rNeg    . . .      Spirit   .   b - +2 leather armour
rPois   .          Reflect  .   (no helmet)
rElec   .          Harm     .   (no cloak)
rCorr   .          Rampage  .   (no gloves)
Will    .....                   (no boots)
Stlth   +.........              (no amulet)
HPRegen 0.11/turn               (no ring)
MPRegen 0.08/turn               (no ring)

@: no status effects
A: no striking features
a: Renounce Religion


You were on level 2 of the Dungeon.
You worshipped Xom.
You were a toy of Xom.
You visited 1 branch of the dungeon, and saw 2 of its levels.

You collected 18 gold pieces.

Inventory:

Hand Weapons
 a - a +0 hand axe of chaos (weapon)
 e - a +0 hunting sling
 j - a +1 short sword of freezing
Missiles
 d - 2 poisoned darts (quivered)
Armour
 b - a +2 leather armour (worn)
Scrolls
 c - a scroll of identify
 f - a scroll of torment
 g - a scroll of enchant armour
 h - 2 scrolls of immolation


   Skills:
 * Level 4.3 Fighting
 * Level 4.7 Axes
 + Level 2.6 Armour
 - Level 0.7 Dodging


You had 2 spell levels left.
You didn't know any spells.
Your spell library contained the following spells:

 Spells                   Type           Power      Damage    Failure   Level
 Slow                     Hex            0%         N/A       36%         1
 Confusing Touch          Hex            0%         N/A       75%         3
 Vampiric Draining        Necr           0%         2d6       75%         3


Dungeon Overview and Level Annotations

Branches:
Dungeon (2/15)

Altars:


Message History

A moth of wrath comes into view.
Something closely misses your butterfly.
Your butterfly disappears in a puff of smoke!
A frilled lizard comes into view.
The frilled lizard hisses angrily.
You are starting to lose your buoyancy.
Xom plays with reality for a moment.
You begin to radiate toxic energy.
The moth of wrath is poisoned.
The frilled lizard is poisoned.
You kill the frilled lizard!
The moth of wrath looks even sicker.
Your toxic aura wanes.
You hit the moth of wrath.
Space warps horribly around the moth of wrath!!
The moth of wrath is heavily wounded.
The moth of wrath changes into a cyclops!
The cyclops changes into an elephant!
You are too injured to fight recklessly!
Throw: 5 darts (poison)
Press: ? - help, Q - select action Shift-Dir - straight line, f - elephant
Aim: an elephant shaped shifter (89% to hit)
You throw a poisoned dart. The poisoned dart hits the elephant.
You float gracefully downwards.
Throw: 4 darts (poison)
Press: ? - help, Q - select action Shift-Dir - straight line, f/p - elephant
Aim: an elephant shaped shifter (89% to hit)
You throw a poisoned dart.
The poisoned dart barely misses the elephant.
Throw: 3 darts (poison)
Press: ? - help, Q - select action Shift-Dir - straight line, f/p - elephant
Aim: an elephant shaped shifter (89% to hit)
You throw a poisoned dart. The poisoned dart hits the elephant.
The elephant is poisoned.
Unknown command.
The elephant looks more healthy.
You hit the elephant. You drain the elephant.
The elephant is lightly wounded.
The elephant tramples you!
You die...
Xom snickers!

#.# ##### #.# #...
#.######.#
#........#
#######..#########
#.....((.....#
#.#..#######.#
#.#..# #Y# # #..#
#@# #..# #.# #.†#
#.# #..# #.# #..#
#.# #..# #.# ....
... ...# #..


You could see an elephant shaped shifter (drained).

Vanquished Creatures
  An adder (D:2)
  2 dart slugs
  A bat (D:1)
  4 endoplasms (D:1)
  A hobgoblin (D:1)
  2 ball pythons (D:1)
  A frilled lizard (D:2)
  2 goblins
  A kobold (D:1)
  4 rats (D:1)
19 creatures vanquished.

Notes
Turn   | Place    | Note
-------+----------+-------------------------------------------
     0 | D:1      | tkbsonic5 the Hill Orc Chaos Knight began the quest for the
                  | Orb.
     0 | D:1      | Reached XP level 1. HP: 19/19 MP: 1/1
   207 | D:1      | XOM: silly message
   289 | D:1      | Reached XP level 2. HP: 26/27 MP: 2/2
   465 | D:1      | XOM: divination: detect items
   861 | D:1      | XOM: 8-stop teleportation journey
  1388 | D:2      | Reached XP level 3. HP: 32/33 MP: 3/3
  1465 | D:2      | XOM: cast spell 'Summon Small Mammal'
  1501 | D:2      | Noticed a shapeshifter
  1501 | D:2      | a goblin changed into a shapeshifter
  1501 | D:2      | Noticed a guardian serpent
  1501 | D:2      | a shapeshifter changed into a guardian serpent
  1504 | D:2      | XOM: butterfly on damage
  1511 | D:2      | Noticed a moth of wrath
  1527 | D:2      | XOM: cast spell 'Olgreb's Toxic Radiance'
  1530 | D:2      | Noticed a cyclops
  1530 | D:2      | a moth of wrath changed into a cyclops
  1532 | D:2      | Noticed an elephant
  1532 | D:2      | a cyclops changed into an elephant
  1541 | D:2      | Slain by an elephant (shapeshifter)

Illustrated notes

Levels and vault maps discovered:
D:1:      dpeg_arrival_tiny_d, layout_basic
D:2:      layout_loops_ring, minmay_tetromino_i2, uniq_robin

Skill      XL: |  1  2 |
---------------+-------+-----
Fighting       | 4 |  4.3
Axes           | |  4.7
Armour         | |  2.6
Dodging        | |  0.7

Action                   || total
-------------------------++-------
Melee: Hand axe          ||    67
Throw: Dart              ||     6
  Use: Scroll            ||     5
       Potion            ||     1
 Stab: Petrifying        ||     1
       Paralysed         ||     1
Armor: Leather armour    ||    16
Dodge: Dodged            ||    38
